[Event "Romanian-ch Youth Open U16 2024"]
[Site "Eforie Nord"]
[Date "2024.04.17"]
[Round "7.2"]
[White "Cnejev, Vladimir-Alexandru"]
[Black "Lucaci, Alin-Marian"]
[Result "1-0"]
[ECO "B51"]
[WhiteElo "2353"]
[BlackElo "1948"]
[Annotator "TA"]
[PlyCount "57"]
[EventDate "2024.04.10"]
[EventType "swiss"]
[EventCountry "ROU"]
[SourceTitle "playchess.com"]
[Source "ChessBase"]
[SourceQuality "1"]
[TimeControl "5400+30"]

1. e4 c5 2. Nf3 Nc6 3. Bb5 d6 4. O-O Bd7 5. Re1 Nf6 6. c3 a6 7. Bf1 Bg4 8. d4 cxd4 9. cxd4 e5 10. d5 Nd4 11. Be3 Nxf3+ {[%emt 0:00:12] White has an edge.} 12. gxf3 Bd7 13. Nd2 b5 {[%emt 0:00:06] [#] Wards off Nc4} 14. a4 $1 Be7 15. axb5 axb5 16. Rxa8 Qxa8 17. Qa1 O-O 18. Rc1 Qb8 19. Qa6 Nh5 20. Qa7 Qxa7 21. Bxa7 Bd8 {[%emt 0:15:15] Dodges Rc7} 22. Be3 g6 ({Black should try} 22... h6 $14) 23. Ra1 $16 {[%emt 0:02:26] White is more active.} f5 24. Bh6 {[%emt 0:06:28] [#] Black must now prevent Ra7.} Ng7 (24... Re8 $16 25. Ra7 Nf6) 25. Ra7 $18 Rf7 26. Rb7 Bc8 $2 (26... Ba5 {is tougher.} 27. Nb3 (27. Bxb5 Bxb5 28. Rxb5 Bxd2 $18) 27... Bd8) 27. Rb8 {[%emt 0:03:08] White is clearly winning.} (27. Rxb5 Rb7 28. Rxb7 Bxb7 $18) 27... Rc7 28. Bxb5 ({Less strong is} 28. Rxb5 Ba6 $18) 28... Kf7 29. Bc6 {[%emt 0:01:28] Weighted Error Value: White=0.05 (flawless) /Black=0.40.  Mistake:       	---       	Black=3      Inaccurate:     	White=1     	Black=2      OK:         	White=10    	Black=9      Best:        	White=2     	Black=1      Brilliant:      	White=1     	---} ({But not} 29. Nc4 Be7 30. Be3 Rb7 31. Rxb7 (31. Rxc8 Rxb5 $18) 31... Bxb7 $18) 1-0

[Event "Romanian-ch Youth Open U16 2024"]
[Site "Eforie Nord"]
[Date "2024.04.18"]
[Round "8.1"]
[White "Radu, David Cr."]
[Black "Cnejev, Vladimir-Alexandru"]
[Result "0-1"]
[ECO "C47"]
[WhiteElo "2237"]
[BlackElo "2353"]
[Annotator "TA"]
[PlyCount "38"]
[EventDate "2024.04.10"]
[EventType "swiss"]
[EventCountry "ROU"]
[SourceTitle "playchess.com"]
[Source "ChessBase"]
[SourceQuality "1"]
[TimeControl "5400+30"]

1. e4 e5 2. Nf3 Nc6 3. Nc3 Nf6 4. d4 exd4 5. Nd5 Nb4 6. Bc4 Nbxd5 7. exd5 Qe7+ (7... Bb4+ $15 {was preferrable.} 8. Bd2 Qe7+ 9. Qe2 Bxd2+ 10. Kxd2 Qxe2+ 11. Kxe2 O-O) 8. Kf1 $1 $11 b5 {[%emt 0:07:59] The position is equal.} 9. Bb3 {[%emt 0:39:52][%cal Oc1f4] Bf4! is the strong threat.} Bb7 (9... a5 $142 10. a4 bxa4 11. Rxa4 Ba6+ 12. Kg1 d3) 10. Bf4 ({White should play} 10. Qxd4 $11 Qc5 11. Bg5) 10... Nxd5 $15 11. Bg3 O-O-O 12. a4 Qe4 13. Qd2 (13. Qxd4 $17 {was called for.} Qxd4 14. Nxd4) 13... bxa4 $19 14. Rxa4 Bc5 15. Be5 (15. Nxd4 $142 Rhe8 16. Nb5) 15... Rhe8 16. Bxd4 {[%emt 0:01:17] [#]} Nb6 $1 {[%emt 0:01:01] Black has a decisive advantage.} ({But not} 16... Bxd4 $2 17. Rxd4 Qg6 18. Bxd5 $18) 17. Ra1 Bxd4 18. Qxd4 {[%emt 0:00:02] [#]} Qe2+ 19. Kg1 Bxf3 {[%emt 0:00:16] Weighted Error Value: White=0.35/Black=0.07 (flawless) .  Mistake:       	White=3     	Black=2      OK:         	White=1     	Black=6      Best:        	---       	Black=1      Strong:       	White=1     	Black=1} 0-1

[Event "Romanian-ch Youth Open U16 2024"]
[Site "Eforie Nord"]
[Date "2024.04.18"]
[Round "8.2"]
[White "Magold, Filip"]
[Black "Tamas, Christian-Arrydan"]
[Result "1-0"]
[ECO "E66"]
[WhiteElo "2408"]
[BlackElo "2054"]
[Annotator "TA"]
[PlyCount "101"]
[EventDate "2024.04.10"]
[EventType "swiss"]
[EventCountry "ROU"]
[SourceTitle "playchess.com"]
[Source "ChessBase"]
[SourceQuality "1"]
[TimeControl "5400+30"]

1. d4 Nf6 2. c4 g6 3. Nf3 Bg7 4. g3 O-O 5. Bg2 d6 6. O-O c5 7. Nc3 Nc6 8. d5 Na5 9. Nd2 e6 10. Qc2 Re8 11. Rb1 exd5 12. cxd5 {[%emt 0:00:04] The position is equal.} Rb8 13. e4 b5 14. b4 cxb4 15. Rxb4 Bd7 16. Bb2 Qc7 17. Rc1 Qc5 18. a3 Ng4 19. Nd1 Ne5 {[%emt 0:02:10] [#]} (19... Qxc2 $11 {remains equal.} 20. Rxc2 Rec8) 20. Qb1 $1 $16 Qb6 21. Bd4 Qd8 22. Bxa7 Ra8 23. Bd4 Nac4 24. Nxc4 bxc4 25. Bxe5 Bxe5 26. Ne3 c3 27. Nc4 $36 {[%emt 0:04:49][%mdl 2048] Nxe5 would now be deadly. White is on the roll.} Bd4 (27... Qf6 $16) 28. Nb6 $2 (28. Nxd6 $18 Bxf2+ 29. Kxf2 Qf6+ 30. Kg1 Qxd6 31. Rxc3) 28... Bxb6 $11 (28... Qf6 $6 29. Nxd7 (29. Rxd4 Qxd4 30. Nxd7 Red8 $16) 29... Qxf2+ (29... Bxf2+ $2 30. Kf1 $18) 30. Kh1 Rxa3 31. Rb8 $16) 29. Rxb6 Qc7 {[%emt 0:04:33] A mistake that costs the game.} (29... Rxa3 $11 30. Rxd6 Qc7) 30. Rb7 $18 ({Stronger than} 30. Qb4 Rab8 $17) 30... Qc8 31. Rb3 Rb8 32. Qc2 Rxb3 33. Qxb3 Bh3 (33... c2 $142 34. Rxc2 (34. Qxc2 Qxc2 35. Rxc2 f5 $18) 34... Qb8) 34. Rxc3 Qg4 35. f3 Qh5 36. Bxh3 Qxh3 {[%emt 0:00:08][%mdl 4096] Endgame. KQR-KQR} 37. Rc7 f5 $2 (37... Qh6 38. Qc3 Qg7) 38. Qc3 {[%emt 0:00:35] White is clearly winning.} Qh6 {[%emt 0:01:15] Repels Qg7+} 39. Rc8 Qf8 40. Rxe8 Qxe8 41. exf5 gxf5 {[%emt 0:00:07] KQ-KQ} 42. Qd2 {[%emt 0:00:00] [#] Hoping for Qg5+.} Qe5 (42... Kf7 $142 43. Qd3 Qe1+ 44. Kg2 Kg6) 43. Kg2 Kf7 44. Qa2 {[%emt 0:00:00] a4 is the strong threat.} h5 45. a4 h4 46. Qd2 Qh8 (46... hxg3 $142 47. hxg3 Qg7) 47. g4 Qe5 48. Kh3 Qa1 49. Qe2 Kf8 50. Kxh4 Qxa4 51. Qe6 {[%emt 0:00:00] Weighted Error Value: White=0.19 (very precise) /Black=0.31.  Loses game:     	---       	Black=1      Missed win:     	White=1     	---        Mistake:       	---       	Black=5      OK:         	White=15    	Black=15     Best:        	White=2     	Black=2      Strong:       	White=1     	---} 1-0

[Event "Romanian-ch Youth Open U16 2024"]
[Site "Eforie Nord"]
[Date "2024.04.19"]
[Round "9.1"]
[White "Lucaci, Alin-Marian"]
[Black "Magold, Filip"]
[Result "0-1"]
[ECO "A41"]
[WhiteElo "1948"]
[BlackElo "2408"]
[Annotator "TA"]
[PlyCount "68"]
[EventDate "2024.04.10"]
[EventType "swiss"]
[EventCountry "ROU"]
[SourceTitle "playchess.com"]
[Source "ChessBase"]
[SourceQuality "1"]
[TimeControl "5400+30"]

1. d4 d6 2. Nf3 Bg4 3. c4 Nd7 4. e4 c5 5. d5 Ne5 6. Be2 {[%emt 0:04:45] [#] Nxe5 would now be deadly.} Nxf3+ 7. Bxf3 Bxf3 8. Qxf3 {[%emt 0:00:05] White is slightly better.} Nf6 9. O-O g6 10. Nc3 Bg7 11. Bg5 O-O 12. Qe2 Re8 13. Rad1 Nd7 14. Kh1 Qa5 15. Rd3 a6 16. f4 b5 17. Qg4 (17. e5 $1 $11 f6 18. Bh4 (18. e6 Nb6 $11)) 17... Nf6 (17... bxc4 $6 18. Rh3 Qc7 19. Qh4 $16) 18. Qh4 (18. Bxf6 $2 exf6 19. a3 b4 $19 (19... bxc4 20. Rdf3 $17)) (18. Qe2 $1 $11) 18... b4 $17 19. Nd1 (19. e5 $17 bxc3 20. exf6 exf6 21. Bxf6) 19... Qxa2 $19 (19... Nxe4 20. Rh3 h5 (20... Qxa2 21. Qxh7+ Kf8 22. Bh6 e6 23. Qxg7+ Ke7 24. Bg5+ Nxg5 25. fxg5) 21. g4 (21. f5 Nxg5 22. Qxg5 Rf8 $11) 21... Qxa2 22. gxh5 Qxc4 23. Ne3 $14) 20. Rh3 Qxc4 21. Re1 h5 (21... Nxe4 $2 22. Qxh7+ Kf8 23. Bh6 $18) 22. Nf2 Qd4 23. g4 e6 (23... Qxb2 24. gxh5 Nxh5 25. Nd3 $17) 24. gxh5 Nxh5 25. Rg1 exd5 26. Bh6 $2 {[%emt 0:05:43][%mdl 8192] This move loses the game for White.} Bxh6 {[%emt 0:02:48] Black is clearly winning.} 27. Qxh5 Bg7 ({Worse is} 27... Qxf2 28. Qxh6 Qd4 29. e5 Qe4+ 30. Rg2 Qe1+ 31. Rg1 Qe4+ 32. Rg2 Qb1+ 33. Rg1 Qe4+ $11) 28. Qh4 dxe4 {[%emt 0:01:28][%cal Oe4e3] Strongly threatening ...e3!} 29. Ng4 e3 (29... Qxb2 30. f5 Re5 (30... gxf5 31. Nf6+ Kf8 32. Nd7+ Kg8 33. Qh8#) 31. fxg6 $18) 30. Nh6+ Kf8 31. Re1 e2 32. Ng4 Qxf4 {[%emt 0:00:15] ( -> ...Qf1+)} 33. Rg3 {[%emt 0:00:32] [#]} Re3 $3 34. Rg2 (34. Kg2 Rxg3+) 34... Rae8 {[%emt 0:00:18] Weighted Error Value: White=1.06/Black=0.12 (very precise) .  Loses game:     	White=1     	---        Mistake:       	White=3     	---        Inaccurate:     	White=3     	Black=3      OK:         	White=3     	Black=5      Best:        	White=1     	Black=2} 0-1

[Event "Romanian-ch Youth Open U16 2024"]
[Site "Eforie Nord"]
[Date "2024.04.19"]
[Round "9.2"]
[White "Cnejev, Vladimir-Alexandru"]
[Black "Cazan, Mircea-Andrei"]
[Result "1-0"]
[ECO "B06"]
[WhiteElo "2353"]
[BlackElo "1831"]
[Annotator "TA"]
[PlyCount "109"]
[EventDate "2024.04.10"]
[EventType "swiss"]
[EventCountry "ROU"]
[SourceTitle "playchess.com"]
[Source "ChessBase"]
[SourceQuality "1"]
[TimeControl "5400+30"]

1. e4 c5 2. Nf3 g6 3. c3 d5 4. exd5 Qxd5 5. d4 Bg7 6. Nbd2 cxd4 7. Bc4 Qd8 8. Nxd4 {[%emt 0:01:21] White is slightly better.} Nf6 {[%emt 0:01:16] Prevents Ne4.} 9. O-O O-O 10. N2f3 Bg4 11. Qb3 Bxf3 12. Nxf3 Qc7 {[%emt 0:01:33] Prevents Ne5.} 13. Re1 Nc6 {[%emt 0:02:24] [#] Inhibits Ne5. ...Na5 would now be deadly.} 14. Qa4 Qa5 15. Qc2 Rac8 16. a4 e6 17. Qe2 Rfd8 18. h3 Nd5 19. Bg5 Rd7 20. Bd3 h6 21. Bd2 {[%emt 0:01:02][%cal Od3g6] Black must now prevent Bxg6! This pair of bishops is nice.} Rcd8 {[%emt 0:04:04][%cal Rd5c3] Strongly threatening ...Nxc3!} 22. Bc2 Qc7 23. g3 e5 24. Rad1 f5 25. Nh4 Nde7 26. Be3 {[%emt 0:03:32] Inhibits Nd4.} e4 27. Qc4+ Kh7 28. Rxd7 Qxd7 29. Rd1 (29. Qb3 {simplifies} Qd5 30. Rd1 Qxb3 31. Bxb3 Rxd1+ 32. Bxd1 g5 33. Ng2) 29... Qe8 30. Qe6 Ne5 (30... Rxd1+ $11 {keeps the balance.} 31. Bxd1 Nd8) 31. g4 {[%emt 0:01:47] White has more active pieces.} (31. Rxd8 $16 Qxd8 32. Bxa7) 31... Rxd1+ $14 32. Bxd1 fxg4 33. hxg4 Qd8 34. Bc2 (34. Bb3 $5) 34... Nd5 35. Ng2 (35. Bxa7 $2 Qxh4 (35... Nf4 $2 36. Nxg6 Nf3+ 37. Kh1 $19) 36. Bxe4 Nf4 $19 (36... Qxg4+ $2 37. Qxg4 Nxg4 38. Bxd5 $18)) 35... Nf3+ 36. Kf1 $1 Nxe3+ 37. Nxe3 Ng5 38. Qc4 Qd2 ({Black should play} 38... Nf3 $14 39. Qd5 (39. Qxe4 $2 Nd2+ 40. Kg2 Nxe4 $19) 39... Nh2+ 40. Ke2 Qxd5 41. Nxd5 Nxg4) 39. Bb3 (39. Bxe4 $6 Qxb2 40. Bc2 Qxc3 $11 (40... Bxc3 $2 41. Bb3 $18)) (39. Kg2 $16) 39... Qd8 $11 40. Ke2 Qf8 41. Qd5 Qf3+ (41... b6 $11) 42. Ke1 $16 Qf8 {[%emt 0:00:28] Wards off Qg8+} (42... Qh1+ $2 43. Kd2 Nf3+ 44. Kc2 $18) 43. Qxb7 h5 (43... Nf3+ $16 44. Ke2 Ng5) 44. gxh5 $18 (44. Qxa7 Nf3+ 45. Kd1 h4 $17) 44... gxh5 45. Qd5 Bh6 (45... Kg6 {was necessary.} 46. a5 Be5) 46. Nf5 Nf3+ 47. Ke2 Ng1+ 48. Kf1 Nf3 49. Bc2 {[%emt 0:00:48][%cal Of5h6] [#] Hoping for Nxh6!} (49. Qxe4 $2 {perishes.} Nd2+ 50. Ke2 Nxe4 $19) 49... Bg5 (49... Qf6 $142 50. Bxe4 Nd2+ 51. Ke2 Nxe4) 50. Ke2 Ng1+ (50... Nd2 {might work better.} 51. Bxe4 Nxe4 52. Qxe4 Qf7) 51. Kd1 Nh3 52. Ke1 ({Weaker is} 52. Bxe4 Nxf2+ 53. Kc2 Nxe4 $18) 52... Kh8 53. Qxe4 Qd8 (53... Nf4 $142 54. Kf1 Nh3) 54. Nd4 Qc7 {[%emt 0:00:18] Prevents Qh7+.} 55. Qe8+ {[%emt 0:00:12] Weighted Error Value: White=0.15 (very precise) /Black=0.44.  Mistake:       	White=2     	Black=8      Inaccurate:     	White=3     	Black=3      OK:         	White=21    	Black=20     Best:        	White=4     	Black=2      Strong:       	White=1     	---} 1-0